Map: Abyssal Reef LE

Players

SortOf - Winner!

  • Race: Zerg Zerg
  • Spawn Location: 5:00

Theo

  • Race: Protoss Protoss
  • Spawn Location: 11:00

Event: WCS Jonkoping 2017

VOD

Have the link to the VOD?

Description

Time

  • Played on: June 17, 2017, 9:50 a.m.
  • Length: 9:49

All games in this series

Show
View Real Time Build Order
Export as new Build Order

SortOf Zerg - Winner!

Build Orders: Hatch First, Lurkers, Muta Ling Bane 

Get SALT Encoding   

  12  0:00  Drone  
  13  0:13  Overlord  
  13  0:17  Drone  
  14  0:32  Drone x2  
  16  0:36  Drone  
  17  0:46  Drone  
  18  0:59  Hatchery, Drone  
  18  1:06  Extractor  
  17  1:15  Spawning Pool  
  17  1:18  Drone  
  17  1:21  Drone  
  18  1:28  Drone  
  19  1:40  Overlord  
  19  1:50  Drone  
  20  2:01  Queen  
  20  2:02  Zergling x2  
  23  2:11  Queen  
  23  2:12  Zergling x4  
  23  2:13  Metabolic Boost  
  27  2:23  Drone x2  
  29  2:33  Drone x2  
  31  2:42  Hatchery  
  30  2:46  Drone x2  
  32  2:54  Overlord  
  32  2:55  Drone  
  33  3:03  Queen  
  35  3:07  Overlord  
  35  3:09  Overlord  
  34  3:23  Drone x5  
  34  3:26  Drone  
  34  3:27  Drone  
  40  3:28  Drone  
  40  3:36  Zergling x2  
  40  3:40  Zergling x4  
  43  3:45  Queen  
  45  3:49  Drone  
  45  3:51  Drone  
  45  3:55  Drone  
  48  3:56  Drone x3  
  48  3:57  Queen  
  48  3:59  Drone x2  
  55  4:03  Drone x2  
  55  4:09  Evolution Chamber  
  56  4:10  Baneling Nest  
  56  4:11  Drone x2  
  57  4:17  Drone  
  57  4:20  Overlord  
  57  4:22  Drone  
  59  4:25  Overlord  
  59  4:27  Drone x3  
  59  4:30  Overlord  
  62  4:33  Overlord  
  62  4:35  Lair  
  62  4:36  Drone  
  63  4:41  Overlord  
  63  4:45  Drone x2  
  65  4:46  Drone x4  
  65  4:51  Drone  
  70  4:57  Drone x3  
  73  5:00  Zergling x12  
  73  5:06  Extractor  
  78  5:08  Extractor x2, Queen, Zerg Melee Weapons Level 1  
  78  5:09  Extractor x2, Queen  
  78  5:12  Drone x2  
  78  5:13  Drone  
  81  5:17  Drone x2  
  81  5:18  Drone x2  
  85  5:22  Drone x2  
  85  5:24  Spore Crawler  
  85  5:27  Spore Crawler  
  85  5:31  Spore Crawler  
  85  5:34  Drone x2, Overlord  
  86  5:38  Zergling x4  
  86  5:39  Zergling x6  
  91  5:47  Spire  
  91  5:48  Overseer, Overlord  
  90  5:52  Drone x3  
  90  5:54  Drone x2  
  94  6:00  Baneling x3  
  94  6:01  Baneling  
  94  6:04  Hatchery  
  93  6:07  Zergling x2  
  93  6:08  Zergling x12  
  93  6:09  Baneling x2  
  93  6:10  Baneling  
  92  6:19  Zergling x10  
  95  6:34  Overlord  
  95  6:37  Drone  
  96  6:40  Drone x2  
  96  6:43  Drone x3  
  96  6:48  Drone x3, Hydralisk Den  
  96  6:51  Hatchery  
  97  6:57  Overlord  
  97  7:01  Mutalisk x6  
  97  7:06  Mutalisk, Zerg Flyer Weapons Level 1  
  111  7:08  Mutalisk  
  111  7:13  Overseer  
  111  7:14  Pneumatized Carapace, Baneling x2  
  113  7:17  Drone x3  
  113  7:21  Zergling x6  
  119  7:24  Drone x2  
  119  7:25  Drone  
  119  7:29  Overlord  
  122  7:30  Overlord  
  121  7:41  Hydralisk  
  121  7:42  Hydralisk x4  
  129  7:48  Hydralisk x3  
  129  7:50  Overlord  
  135  7:53  Overlord  
  135  7:59  Lurker Den  
  135  8:06  Extractor, Drone x3  
  135  8:07  Extractor  
  135  8:09  Centrifical Hooks  
  136  8:19  Zergling x2  
  135  8:20  Zergling x30  
  150  8:28  Overlord  
  150  8:34  Overlord  
  150  8:37  Zergling x18  
  150  8:38  Overlord  
  157  8:47  Baneling x13  
  156  8:57  Zergling x32  
  170  9:03  Zergling x2  
  170  9:04  Zergling x8  
  175  9:12  Baneling x14  
  175  9:13  Baneling  
  175  9:15  Overlord  
  171  9:19  Infestation Pit, Drone  
  171  9:20  Overlord  
  171  9:23  Baneling  
  167  9:25  Lurker x2  
  167  9:26  Lurker x2  
  167  9:28  Zergling x14  
Show
View Real Time Build Order
Export as new Build Order

Theo Protoss 

Build Orders: Nexus First, Zealot Archon 

Get SALT Encoding   

  12  0:00  Probe (Chrono Boost)  
  13  0:11  Probe (Chrono Boost)  
  14  0:18  Pylon  
  14  0:22  Probe (Chrono Boost)  
  15  0:37  Probe (Chrono Boost)  
  16  0:47  Probe (Chrono Boost)  
  17  0:58  Probe (Chrono Boost)  
  18  1:04  Nexus  
  18  1:09  Probe (Chrono Boost)  
  19  1:20  Probe (Chrono Boost)  
  19  1:24  Gateway  
  20  1:30  Probe (Chrono Boost), Assimilator  
  21  1:36  Assimilator  
  21  1:41  Probe (Chrono Boost)  
  22  1:47  Pylon  
  22  1:51  Probe (Chrono Boost)  
  23  2:05  Probe (Chrono Boost)  
  24  2:13  Cybernetics Core  
  24  2:16  Probe x2 (Chrono Boost)  
  24  2:19  Zealot  
  28  2:26  Probe (Chrono Boost)  
  28  2:27  Probe (Chrono Boost)  
  30  2:30  Pylon  
  31  2:37  Probe (Chrono Boost)  
  31  2:38  Probe (Chrono Boost)  
  32  2:46  Probe (Chrono Boost)  
  32  2:48  Probe (Chrono Boost)  
  32  2:49  Stalker (Chrono Boost)  
  36  2:55  Mothership Core  
  38  3:01  Probe  
  38  3:02  Warp Gate  
  38  3:13  Probe  
  38  3:15  Probe  
  36  3:27  Probe (Chrono Boost), Robotics Facility  
  36  3:30  Probe (Chrono Boost)  
  38  3:39  Probe (Chrono Boost)  
  39  3:42  Probe (Chrono Boost)  
  40  3:50  Probe (Chrono Boost)  
  40  3:52  Probe (Chrono Boost)  
  42  3:57  Gateway  
  42  3:58  Gateway  
  42  4:00  Probe (Chrono Boost)  
  43  4:03  Probe (Chrono Boost), Assimilator  
  44  4:11  Probe (Chrono Boost)  
  44  4:13  Probe (Chrono Boost)  
  44  4:14  Pylon, Robotics Bay  
  46  4:21  Probe (Chrono Boost)  
  48  4:24  Probe (Chrono Boost)  
  48  4:26  Warp Prism, Assimilator  
  50  4:32  Probe (Chrono Boost)  
  50  4:34  Probe (Chrono Boost)  
  50  4:35  Pylon  
  52  4:42  Probe (Chrono Boost)  
  52  4:44  Twilight Council  
  52  4:45  Probe (Chrono Boost)  
  54  4:59  Probe (Chrono Boost)  
  55  5:01  Disruptor (Chrono Boost)  
  55  5:03  Pylon, Gravitic Drive (Chrono Boost)  
  58  5:08  Adept x3  
  58  5:13  Probe  
  65  5:14  Pylon  
  65  5:15  Probe  
  65  5:18  Pylon  
  66  5:27  Resonating Glaives (Chrono Boost)  
  66  5:30  Disruptor  
  66  5:31  Gateway  
  66  5:33  Gateway  
  66  5:34  Gateway  
  69  5:44  Adept x3  
  75  6:01  Disruptor, Gateway  
  75  6:04  Adept x3  
  75  6:06  Gateway  
  68  6:27  Mothership Core  
  68  6:29  Pylon  
  64  6:42  Colossus  
  64  6:53  Templar Archives  
  70  6:54  Nexus  
  70  6:55  Adept x5  
  80  7:05  Probe x2  
  80  7:08  Forge  
  82  7:18  Adept x5  
  92  7:23  Extended Thermal Lance  
  89  7:41  High Templar x2  
  89  7:43  Probe x2  
  92  7:46  Archon  
  87  7:52  Stalker x3  
  93  8:01  Stalker x2  
  89  8:14  Stalker x3  
  89  8:18  Probe, Photon Cannon  
  89  8:19  Probe x2  
  90  8:54  Stalker x2  
  90  8:55  Probe x2, Stalker  
  92  8:58  Probe  
  88  9:07  Probe  
  86  9:17  Probe x2  
  86  9:23  Stalker x3  
  86  9:24  Zealot x4  
  100  9:30  Probe  
Tags
 
Add a new tag
Caveats
  • Supply blocks, unpowered buildings, or Contaminate may cause inaccurate times.
  • Supply counts are checked every 10 seconds.